 Dungeon Crawl Stone Soup version 0.21.1-1-g345015f (webtiles) character file.

81 inc the Vexing (level 4, 2/18 HPs)
             Began as a Felid Enchanter on Feb 25, 2018.
             Quit the game on level 2 of the Dungeon.
             The game lasted 00:03:02 (2065 turns).

inc the Vexing (Felid Enchanter)                    Turns: 2065, Time: 00:03:03

Health: 2/18       AC:  1    Str:  4    XL:     4   Next: 20%
Magic:  8/8        EV: 18    Int: 17    God:
Gold:   90         SH:  0    Dex: 16    Spells: 6/7 levels left
                                        Lives:  1   Deaths: 0

rFire    . . .     SeeInvis +     - Unarmed
rCold    . . .     Gourm    .   (shield unavailable)
rNeg     . . .     Faith    .   (armour unavailable)
rPois    .         Spirit   .   (helmet unavailable)
rElec    .         Reflect  .   (cloak unavailable)
rCorr    .         Harm     .   (gloves unavailable)
MR       .....                  (boots unavailable)
Stlth    +++.......             (no amulet)
HPRegen  0.06/turn              (no ring)
MPRegen  0.11/turn              (no ring)

@: quick
A: very small, no armour, no weapons or thrown items, stealth, claws 1, fangs 3,
see invisible, carnivore, speed 1, shaggy fur 1, slow metabolism 1, sharp paws
a: no special abilities


You were on level 2 of the Dungeon.
You were very hungry.

You visited 1 branch of the dungeon, and saw 3 of its levels.

You collected 90 gold pieces.

Inventory:

Scrolls
 d - 2 scrolls of enchant weapon {unknown}
 e - 2 scrolls of teleportation {unknown}
 f - 2 scrolls of amnesia {unknown}
 j - 2 scrolls of fear {unknown}
 k - 6 scrolls of identify {unknown}
 l - a scroll of noise {unknown}
 n - a scroll of magic mapping {unknown}
 o - a scroll of remove curse {unknown}
Potions
 c - a potion of lignification {unknown}
 g - a potion of brilliance {unknown}
 h - a potion of experience {unknown}
 i - a potion of resistance {unknown}
 m - a potion of curing {unknown}
Books
 a - a book of Maledictions

   Spells                             Type                      Level
   a - Corona                         Hexes                        1
   b - Ensorcelled Hibernation        Hexes/Ice                    2
   c - Confuse                        Hexes                        3
   d - Tukima's Dance                 Hexes                        3
   e - Dazzling Spray                 Conjuration/Hexes            3
Comestibles
 b - 5 rations


   Skills:
 - Level 2.6 Dodging
 - Level 4.0 Stealth
 + Level 4.1 Unarmed Combat
 - Level 2.0 Spellcasting
 - Level 4.4 Hexes


You had 6 spell levels left.
You knew the following spells:

 Your Spells              Type           Power        Failure   Level  Hunger
a - Corona                Hex            ###....      3%          1    #......


Dungeon Overview and Level Annotations

Branches:
Dungeon (3/15)

Altars:

Annotations:
D:2 Sigmund, Terence


Innate Abilities, Weirdness & Mutations

You cannot wear armour.
You are incapable of wielding weapons or throwing items.
Your paws allow you to move quietly. (Stealth)
You have sharp claws.
You have razor-sharp teeth.
You have supernaturally acute eyesight. (SInv)
You are carnivorous and can eat meat at any time.
You cover ground quickly.
You are covered in fur. (AC +1)
You have a slow metabolism.
Your sharp claws are effective at attacking unaware monsters.


Message History

The frilled lizard bites you.
* * * LOW HITPOINT WARNING * * *
Unknown command.
You miss Sigmund.
Sigmund is lightly wounded.
Sigmund stops glowing.
Sigmund misses you. The frilled lizard closely misses you.
You miss Sigmund.
Sigmund is lightly wounded.
Sigmund hits you with a scythe.
* * * LOW HITPOINT WARNING * * *
You scratch Sigmund but do no damage.
Sigmund is lightly wounded.
The frilled lizard misses you.
You barely miss Sigmund. You bite Sigmund.
Sigmund is lightly wounded.
The frilled lizard completely misses you.
Sigmund closely misses you. Terence closely misses you.
Unknown command.
Are you sure you want to abandon this character and quit the game? (Confirm with "yes".)

#.##.##.....##############
..........>## #.#...##.#.#
..#...##.#.# ###....#.#.#
...#.#.#.#.################
##.#(#...#.#..............##
.#.#.#...#.+...@...........##
.#.#.#...#.#(..l@@..........##
##.#.#...#.##############....#
.#.#.....#.# ##...#
.#.#####.#.##############....#
...........#.....$.......$..##
##..[......'..@.....)......##
#######..@#..............##
#....#.################
#.####.....#


You could see Sigmund, Terence and a frilled lizard.

Vanquished Creatures
  An orc wizard (D:3)
  An adder (D:3)
  2 dart slugs (D:1)
  2 leopard geckos
  An orc (D:3)
  8 bats
  3 giant cockroaches
  6 goblins
  4 hobgoblins (D:1)
  4 frilled lizards
  6 kobolds
  6 rats
44 creatures vanquished.

Notes
Turn   | Place    | Note
-------+----------+-------------------------------------------
     0 | D:1      | inc the Felid Enchanter began the quest for the Orb.
     0 | D:1      | Reached XP level 1. HP: 7/7 MP: 4/4
   140 | D:1      | Reached XP level 2. HP: 5/11 MP: 4/6
   827 | D:1      | Reached XP level 3. HP: 10/14 MP: 7/7
  1439 | D:2      | Noticed Terence
  1932 | D:3      | Reached XP level 4. HP: 15/18 MP: 8/8
  2049 | D:2      | Noticed Sigmund
  2065 | D:2      | Quit the game

Skill      XL: |  1  2  3 |
---------------+----------+-----
Unarmed Combat | 2 3 4 |  4.1
Dodging        | |  2.6
Stealth        | |  4.0
Spellcasting   | |  2.0
Hexes          | |  4.4

Action                   |  1- 3 |  4- 6 || total
-------------------------+-------+-------++-------
Melee: Unarmed           |    87 |    20 ||   107
       Bite              |     3 |     2 ||     5
       Punch             |     1 |       ||     1
 Cast: Corona            |     2 |     1 ||     3
 Stab: Sleeping          |    24 |       ||    24
Armor: Skin              |     2 |       ||     2
Dodge: Dodged            |    48 |    21 ||    69
